 Dungeon Crawl Stone Soup version 0.31-a0-149-g3fdcc5976a (webtiles) character file.

Game seed: 9942025939685093585

151 jlumianski the Ducker (level 5, 0/36 HPs)
             Began as a Djinni Fire Elementalist on June 7, 2023.
             Killed from afar by Natasha (8 damage)
             ... with a magic dart
             ... on level 3 of the Dungeon.
             The game lasted 00:10:58 (2151 turns).

jlumianski the Ducker (Djinni Fire Elementalist)    Turns: 2151, Time: 00:10:58

Health: 0/36       AC:  4    Str:  7    XL:     5   Next: 60%
Gold:   130        EV: 13    Int: 18    God:
                   SH:  0    Dex: 14

rFire   + + +        g - staff of fire
rCold   x . .        (no shield)
rNeg    . . .        a - +0 robe
rPois   ∞            n - +0 helmet
rElec   .            e - +0 cloak {rCorr}
rCorr   +            (no gloves)
SInv    .            (boots unavailable)
Will    .....        (no amulet)
Stlth   ++           j - +4 ring of slaying
HPRegen 0.26/turn    (no ring)
MPRegen 0.00/turn

%: infuse magic (-1 HP)
@: about to teleport, flying
A: sickness immunity, fire resistance 2, cold vulnerability 1, float, innate
caster, HP casting, extra vitality 1
a: no special abilities


You were on level 3 of the Dungeon.
You visited 1 branch of the dungeon, and saw 4 of its levels.

You collected 130 gold pieces.

Inventory:

Hand Weapons
 d - a +0 short sword
 m - a +2 short sword of draining
Missiles
 k - 2 poisoned darts
Armour
 a - a +0 robe (worn)
 e - a +0 cloak of preservation (worn)
 n - a +0 helmet (worn)
Magical Staves
 g - a staff of fire (weapon)
Jewellery
 j - a +4 ring of slaying (left hand)
Scrolls
 b - a scroll of enchant weapon
 c - a scroll of fog
 f - 2 scrolls of teleportation
 h - a scroll of blinking
 i - a scroll of poison {unknown}
 l - a scroll of fear {unknown}
 p - 2 scrolls of silence {unknown}
Potions
 o - a potion of haste {unknown}


   Skills:
 + Level 0.8 Fighting
 + Level 4.3 Dodging
 + Level 3.3 Stealth
 + Level 3.1 Spellcasting
 + Level 3.1 Conjurations
 + Level 3.1 Hexes
 + Level 3.1 Summonings
 + Level 3.1 Necromancy
 + Level 3.1 Translocations
 + Level 3.1 Transmutations
 + Level 3.1 Fire Magic
 + Level 3.1 Ice Magic
 + Level 3.1 Air Magic
 + Level 3.1 Earth Magic
 + Level 3.1 Poison Magic


You knew the following spells:

 Your Spells              Type           Power      Damage    Failure   Level
a - Foxfire               Conj/Fire      84%        2x1d8     4%          1
b - Scorch                Fire           42%        2d7       7%          2
c - Volatile Blastmotes   Fire/Tloc      42%        2d13      14%         3
d - Inner Flame           Hex/Fire       21%        N/A       14%         3
e - Flame Wave            Conj/Fire      21%        2d8       41%         4
f - Slow                  Hex            56%        N/A       4%          1
g - Lesser Beckoning      Tloc           28%        N/A       7%          2
Your spell library was empty.

Dungeon Overview and Level Annotations

Branches:
Dungeon (4/15)
 Temple: D:4-7

Altars:

Annotations:
D:3 Natasha


Innate Abilities, Weirdness & Mutations

You are immune to sickness and miasma.
You are immune to poison.
Your flesh is very heat resistant. (rF++)
You are vulnerable to cold. (rC-)
You float through the air rather than walking.
You learn spells naturally, not from books.
Your magical power is your life essence.
You have superior vitality. (+4 MHP)


Message History

Natasha barely misses you.
You hit Natasha.
Natasha is moderately wounded.
Natasha claws you but does no damage.
Casting: Foxfire (safe; 4% risk of failure)
Confirm with . or Enter, or press ? or * to list all spells.
You feel a surge of power!
Flames lash Natasha.
Natasha is severely wounded.
Natasha's fire resistance burns away.
You hear a shout!
Natasha claws you but does no damage.
Casting: Scorch (safe; 7% risk of failure)
Confirm with . or Enter, or press ? or * to list all spells.
The spell is quite dangerous to miscast (14% risk of failure)!
Continue anyway?
You feel a surge of power!
A cloud of volatile blastmotes flares up around you!
Natasha closely misses you.
The orc priest looks braver for a moment.
The cloud of blastmotes explodes!
The concussive blast engulfs Natasha.
Natasha is almost dead.
The concussive blast engulfs you. You resist.
You are knocked back by the blast.
Natasha stares at you and mumbles some strange words.
You resist with some effort.
Natasha is no longer more vulnerable to fire.
The orc priest begins to cast a cantrip, but forgets the words!
Natasha stares at you and mumbles some strange words.
The magic dart hits you!
Natasha stares at you and mumbles some strange words.
The magic dart hits you!
Natasha drinks a potion.
Natasha is healed!
Natasha stares at you and mumbles some strange words.
The magic dart hits you!
* * * LOW HITPOINT WARNING * * *
Okay, then.
As you read the scroll of teleportation, it crumbles to dust.
You feel strangely unstable. Natasha casts a spell at you.
The magic dart hits you!
You die...

### #.# #.# #.# ..# #.# #o# #.#
#.# #†# #o# #.# #.## #.# #h# #.#
#..##### #.# #.# ####.#
##.....####.# #.# ##....#
............# #.# ###..##.#
#######(#########.# #...###.#
................@.###'### #.#
#########..########.....###.#
..................+.....'...#
...########...#####.....#########
...# ###..##.+.....'........ ...#
##.##.#.....######### ...#
#..................# ...#
####.....#########.# ...#
#.[..######## #.#


You could see an orc priest, Natasha and an orc.

Vanquished Creatures
  Jessica (D:2)
  Natasha (twice) (D:3)
  Robin (D:2)
  An adder (D:2)
  A worm (D:2)
  An orc (D:3)
  2 ball pythons
  A bat (D:1)
  2 giant cockroaches
  13 goblins
  4 hobgoblins
  4 jackals
  5 quokkas
  4 frilled lizards
  4 kobolds
  5 rats
51 creatures vanquished.

Vanquished Creatures (others)
  89 foxfires
89 creatures vanquished.

Grand Total: 140 creatures vanquished

Notes
Turn   | Place    | Note
-------+----------+-------------------------------------------
     0 | D:1      | jlumianski the Djinni Fire Elementalist began the quest for
                  | the Orb.
     0 | D:1      | jlumianski set off with the following spells memorised:
                  | Foxfire, Scorch, Volatile Blastmotes, Inner Flame, Flame
                  | Wave.
     0 | D:1      | Reached XP level 1. HP: 15/15 MP: 0/0
    67 | D:2      | Reached XP level 2. HP: 20/21 MP: 0/0
   403 | D:1      | Reached XP level 3. HP: 22/25 MP: 0/0
   403 | D:1      | Learned a level 1 spell: Slow
   718 | D:2      | Noticed Jessica
   726 | D:2      | Killed Jessica
   727 | D:2      | Reached skill level 3 in Dodging
   727 | D:2      | Reached XP level 4. HP: 25/31 MP: 0/0
  1269 | D:2      | Found a faded altar of an unknown god.
  1346 | D:2      | Noticed Robin
  1387 | D:2      | Killed Robin
  1506 | D:3      | Noticed Natasha
  1510 | D:3      | Killed Natasha
  1511 | D:3      | Reached XP level 5. HP: 34/36 MP: 0/0
  1511 | D:3      | Learned a level 2 spell: Lesser Beckoning
  1518 | D:3      | Noticed Natasha
  1527 | D:3      | Killed Natasha
  1528 | D:3      | Reached skill level 4 in Dodging
  1856 | D:3      | Identified a scroll of acquirement
  1866 | D:3      | Acquired a staff of fire
  2129 | D:3      | Noticed Natasha
  2151 | D:3      | Killed from afar by Natasha

Illustrated notes

Levels and vault maps discovered:
D:1:      psy_arrival_radial02, layout_rooms, nrook_mini_backslash,
          hangedman_feature_mirror
D:2:      layout_basic, shapermc_ecumenical_altar_venn, nrook_mini_vaults,
          uniq_jessica, uniq_robin
D:3:      layout_basic, uniq_natasha
D:4:      layout_cave_pools, kennysheep_generic_room_6, uniq_menkaure

Skill      XL: |  1  2  3  4  5 |
---------------+----------------+-----
Spellcasting   | |  3.1
Conjurations   | |  3.1
Hexes          | |  3.1
Summonings     | |  3.1
Necromancy     | |  3.1
Translocations | |  3.1
Transmutations | |  3.1
Fire Magic     | |  3.1
Ice Magic      | |  3.1
Air Magic      | |  3.1
Earth Magic    | |  3.1
Poison Magic   | |  3.1
Stealth        | 2 3 |  3.3
Dodging        | 3 4 |  4.3
Fighting       | |  0.8

Action                     |  1- 3 |  4- 6 || total
---------------------------+-------+-------++-------
  Melee: Short sword       |     9 |    18 ||    27
         Staff             |       |     1 ||     1
   Cast: Foxfire           |    29 |    29 ||    58
         Scorch            |     1 |     2 ||     3
         Slow              |       |     2 ||     2
         Volatile Blastmot |       |     2 ||     2
    Use: Scroll            |       |     7 ||     7
 Armour: Robe              |     5 |    15 ||    20
  Dodge: Dodged            |    10 |    41 ||    51

Table legend: (Time is in decaauts)
 A = Elapsed time spent in this place.
 B = Non-inter-level travel time spent in this place.
 C = Inter-level travel time spent in this place.
 D = Time resting spent in this place.
 E = Time spent auto-exploring this place.
 F = Levels seen in this place.
 G = Mean time per level.
                   A        B        C        D        E       F      G
               +--------+--------+--------+--------+--------+-----+--------+
         Total |   2153 |   2098 |     55 |    195 |   1303 |   4 |  538.2 |
       Dungeon |   2153 |   2098 |     55 |    195 |   1303 |   4 |  538.2 |
               +--------+--------+--------+--------+--------+-----+--------+

Top non-repeatable levels by time:
     D:2: 1122 daAuts
     D:1: 539 daAuts
     D:3: 489 daAuts
     D:4: 3 daAuts
